 Dungeon Crawl Stone Soup version 0.30.0-29-ga12c61a403 (webtiles) character file.

Game seed: 14416628708038554402

78 Fecro the Sneak (level 4, -9/22 HPs)
             Began as a Spriggan Brigand on June 13, 2023.
             Killed by divine providence
             ... invoked by an orc priest
              (17 damage)
             ... on level 3 of the Dungeon.
             The game lasted 00:07:02 (2379 turns).

Fecro the Sneak (Spriggan Brigand)                  Turns: 2379, Time: 00:07:02

Health: -9/22      AC:  3    Str:  7    XL:     4   Next: 15%
Magic:  7/7        EV: 17    Int: 12    God:
Gold:   77         SH:  0    Dex: 18    Spells: 6/6 levels left

rFire   . . .        a - +2 dagger
rCold   . . .        (no shield)
rNeg    . . .        b - +0 robe
rPois   .            (helmet restricted)
rElec   .            c - +0 cloak
rCorr   .            (gloves unavailable)
SInv    +            (boots unavailable)
Will    .....        (no amulet)
Stlth   ++++         (no ring)
HPRegen 0.23/turn    (no ring)
MPRegen 0.10/turn

%: no passive effects
@: very quick
A: very small, no large weapons, unfitting armour, see invisible, speed 3
a: no special abilities


You were on level 3 of the Dungeon.
You visited 1 branch of the dungeon, and saw 3 of its levels.

You collected 77 gold pieces.

Inventory:

Hand Weapons
 a - a +2 dagger (weapon)
Missiles
 d - 11 poisoned darts (quivered)
 e - 3 curare-tipped darts
Armour
 b - a +0 robe (worn)
 c - a +0 cloak (worn)
Jewellery
 g - a +6 ring of intelligence
 h - a +6 ring of intelligence
 p - a ring of flight
Scrolls
 k - 3 scrolls of amnesia {unknown}
 m - a scroll of poison {unknown}
 n - 2 scrolls of blinking {unknown}
Potions
 f - a potion of might {unknown}
 i - a potion of curing {unknown}
 j - 2 potions of lignification {unknown}
 l - a potion of mutation {unknown}
 o - 2 potions of ambrosia {unknown}


   Skills:
 + Level 1.6 Fighting
 + Level 2.7 Short Blades
 + Level 2.0 Throwing
 + Level 2.1 Dodging
 * Level 7.5 Stealth
 * Level 1.5 Spellcasting


You had 6 spell levels left.
You didn't know any spells.
Your spell library was empty.

Dungeon Overview and Level Annotations

Branches:
Dungeon (3/15)

Altars:


Innate Abilities, Weirdness & Mutations

You are very small and have problems with some larger weapons.
You are too small for most types of armour.
You have supernaturally acute eyesight. (SInv)
You cover ground extremely quickly. (Speed+++)


Message History

Found a stone staircase leading down.
There is an open door here.
You hit the endoplasm but do no damage. The endoplasm freezes you.
You are frozen.
You hit the endoplasm.
The endoplasm is moderately wounded.
You hit the endoplasm.
You kill the endoplasm!
No target in view!
HP restored.
There is a stone staircase leading down here.
Found a stone staircase leading up.
There is a stone staircase leading up here.
Found a stone staircase leading down.
No target in view!
A hobgoblin comes into view.
The helpless hobgoblin fails to defend itself.
You skewer the hobgoblin like a kebab!!!
You kill the hobgoblin!
k - 3 scrolls labelled RYFEPO ENINOULE (gained 1)
Found an escape hatch in the floor.
There is a stone staircase leading down here.
An orc comes into view. It is wielding a +0 flail.
An orc is nearby!
An orc priest comes into view. It is wielding a +0 hand axe.
An orc comes into view. It is wielding a +0 club.
An orc comes into view. It is wielding a +0 flail.
The orc priest shouts!
The orc shouts! x2; You hear a shout!
Found a stone staircase leading up.
The orc priest miscasts a cantrip.
An orc wizard comes into view. It is wielding a +0 dagger.
The orc priest calls down the wrath of Beogh upon you.
Beogh smites you!
Ouch! That really hurt!
The orc shouts!
The orc priest invokes the aid of Beogh against you.
Beogh smites you!
Ouch! That really hurt!
You die...

#.# #.# #.# #># #.#
#.# #
...o.#######.# ###
#######.#######
...............
###########.#######
...................
......†..##.#######
########.##........
#.##.#######


You could see an orc priest and an orc.

Vanquished Creatures
  2 adders (D:1)
  3 dart slugs
  5 bats
  5 endoplasms
  5 giant cockroaches
  6 hobgoblins
  3 quokkas
  2 ball pythons (D:1)
  3 frilled lizards (D:1)
  3 goblins
  6 kobolds
  9 rats
52 creatures vanquished.

Notes
Turn   | Place    | Note
-------+----------+-------------------------------------------
     0 | D:1      | Fecro the Spriggan Brigand began the quest for the Orb.
     0 | D:1      | Reached XP level 1. HP: 10/10 MP: 2/2
   109 | D:1      | Reached skill level 6 in Stealth
   214 | D:1      | Reached XP level 2. HP: 14/14 MP: 3/3
   635 | D:1      | Reached skill level 7 in Stealth
  1003 | D:1      | Reached XP level 3. HP: 14/18 MP: 4/4
  1345 | D:1      | Reached skill level 1 in Spellcasting
  1946 | D:2      | Reached XP level 4. HP: 18/22 MP: 7/7
  2379 | D:3      | Killed from afar by an orc priest

Illustrated notes

Levels and vault maps discovered:
D:1:      nagdon_arrival_double_spiral, layout_basic, corner_web_ring,
          minmay_tree_intersection, st_stairs_3, amcnicky_mini_corridor_feature
D:2:      cheibrodos_helix_gallery, layout_loops_ring
D:3:      layout_basic, nicolae_qazlal_scattered_showers,
          mainiacjoe_overflow_24_doors, minmay_misc_feat_rugged

Skill      XL: |  1  2  3  4 |
---------------+-------------+-----
Stealth        | 6 7 |  7.5
Spellcasting   | 1 |  1.5
Dodging        | 2 |  2.1
Fighting       | |  1.6
Short Blades   | |  2.7
Throwing       | |  2.0

Action                     |  1- 3 |  4- 6 || total
---------------------------+-------+-------++-------
  Melee: Dagger            |   137 |    11 ||   148
  Throw: Dart              |    13 |       ||    13
   Stab: Sleeping          |    15 |     5 ||    20
 Armour: Robe              |    18 |       ||    18
  Dodge: Dodged            |    82 |     1 ||    83
